Map: El Dorado

Players

Obshort

  • Race: Zerg Zerg
  • League: Diamond
  • Spawn Location: 7:00

wootwoot - Winner!

  • Race: Zerg Zerg
  • League: Diamond
  • Spawn Location: 5:00

VOD

Have the link to the VOD?

Description

Time

  • Played on: April 22, 2025, 9:20 a.m.
  • Length: 11:58
Show
View Real Time Build Order
Export as new Build Order

Obshort Zerg 

Build Orders: Hatch First 

Get SALT Encoding   

  12  0:00  Drone  
  13  0:10  Drone  
  14  0:23  Overlord  
  14  0:41  Drone x3  
  17  0:55  Hatchery  
  16  0:59  Drone  
  17  1:10  Extractor  
  16  1:20  Spawning Pool  
  16  1:22  Drone  
  16  1:27  Drone x2  
  18  1:36  Drone  
  19  2:08  Queen x2  
  21  2:09  Zergling x6  
  26  2:16  Overlord  
  26  2:22  Metabolic Boost  
  26  2:28  Drone  
  27  2:34  Drone  
  28  2:40  Drone x2  
  28  2:41  Drone  
  31  2:49  Baneling Nest  
  30  2:51  Drone  
  30  2:56  Drone  
  32  3:03  Spine Crawler  
  31  3:06  Evolution Chamber  
  31  3:10  Evolution Chamber  
  31  3:12  Evolution Chamber  
  26  3:19  Spine Crawler  
  25  3:27  Evolution Chamber  
  25  3:30  Evolution Chamber  
  23  3:35  Zergling x6  
  26  3:43  Zergling x2  
  27  3:54  Zergling x6  
  27  3:55  Zergling x2  
  30  4:03  Zergling x6  
  30  4:16  Zergling x2  
  30  4:17  Zergling x2  
  32  4:22  Baneling x3  
  31  4:29  Queen  
  33  4:39  Zerg Melee Weapons Level 1  
  33  4:42  Zergling x4  
  34  4:55  Zergling x4  
  34  4:57  Overlord  
  34  5:12  Zergling x4  
  34  5:20  Zergling x8  
  37  5:32  Zergling x4  
  35  5:38  Zergling x2  
  35  5:40  Drone  
  35  5:41  Zerg Ground Armor Level 1  
  35  5:46  Drone  
  36  6:03  Zergling x4  
  30  6:05  Zergling x2  
  30  6:10  Zergling x2  
  30  6:11  Zergling x6  
  34  6:23  Baneling x4  
  34  6:25  Zergling x6  
  37  6:27  Baneling  
  37  6:28  Baneling  
  37  6:31  Zergling x2  
  38  6:43  Zergling x6  
  38  6:44  Zergling x2  
  39  6:48  Overlord  
  38  6:59  Zergling x2  
  38  7:00  Zergling x2  
  40  7:08  Baneling x5  
  37  7:09  Zergling x4  
  37  7:15  Zergling x2  
  38  7:19  Zergling x2  
  39  7:27  Zergling x2  
  36  7:31  Baneling  
  36  7:32  Baneling x3  
  36  7:35  Zergling x4  
  36  7:36  Zergling x4  
  39  7:46  Zergling x4  
  41  7:51  Baneling x2  
  41  7:52  Baneling x3, Zergling x2  
  41  7:53  Zergling x2  
  43  8:06  Baneling  
  43  8:12  Zergling x2  
  38  8:13  Zergling x8  
  38  8:16  Zergling x2  
  40  8:23  Zergling x4  
  42  8:31  Zergling x6  
  44  8:46  Zergling x4  
  43  8:55  Zergling x4  
  42  8:58  Baneling x2  
  42  9:00  Zergling x2  
  40  9:11  Zergling x2  
  40  9:12  Zergling x2  
  38  9:26  Baneling x6  
  38  9:28  Zergling x6  
  41  9:35  Overlord  
  41  9:36  Zergling x6  
  44  9:39  Baneling  
  44  9:40  Baneling  
  44  9:50  Baneling  
  42  10:00  Zergling x8  
  44  10:10  Zergling x14  
  44  10:11  Baneling x2  
  51  10:21  Zergling x2  
  52  10:26  Baneling  
  49  10:34  Zergling x4  
  49  10:35  Zergling x2  
  50  10:41  Zergling x2  
  45  10:49  Zergling x6  
  46  10:50  Zergling x4  
  46  10:55  Zergling x4  
  46  10:56  Zergling x2  
  40  11:06  Baneling  
  40  11:07  Baneling x4  
  40  11:08  Drone x2  
  42  11:14  Zergling x2  
  43  11:20  Zergling x2  
  43  11:22  Zergling x2  
  45  11:29  Zergling x2  
Show
View Real Time Build Order
Export as new Build Order

wootwoot Zerg - Winner!

Build Orders: Hatch First 

Get SALT Encoding   

  12  0:00  Drone  
  13  0:08  Drone  
  13  0:14  Extractor  
  13  0:16  Drone  
  15  0:37  Hatchery  
  15  0:39  Extractor  
  15  0:42  Drone  
  14  0:59  Spawning Pool  
  14  1:03  Drone  
  14  1:14  Overlord  
  14  1:46  Zergling x6, Metabolic Boost  
  17  1:53  Queen  
  19  1:57  Zergling x2  
  19  2:01  Zergling x2  
  21  2:05  Zergling x2  
  22  2:09  Zergling x2  
  22  2:13  Zergling x2  
  24  2:19  Zergling x2  
  24  2:22  Zergling x2  
  26  2:29  Overlord  
  26  2:35  Overlord  
  26  2:40  Zergling x2  
  27  2:46  Zergling x2  
  28  2:52  Zergling x2  
  28  2:54  Zergling x2  
  30  3:00  Zergling x2  
  30  3:03  Zergling x4  
  33  3:07  Zergling x2  
  34  3:13  Zergling x2  
  34  3:14  Zergling x2  
  34  3:17  Zergling x2  
  37  3:23  Zergling x2  
  38  3:27  Zergling x2  
  38  3:32  Zergling x2  
  38  3:38  Zergling x4  
  38  3:40  Zergling x2  
  39  3:44  Zergling x2  
  37  3:49  Drone  
  37  3:51  Drone  
  36  3:56  Drone  
  36  4:00  Drone  
  33  4:06  Drone  
  28  4:11  Drone  
  27  4:21  Baneling Nest  
  27  4:23  Drone  
  27  4:26  Drone  
  27  4:32  Zergling x2  
  27  4:33  Zergling x2  
  27  4:37  Zergling x2  
  30  4:42  Zergling x2  
  30  4:43  Zergling x2  
  32  4:46  Zergling x2  
  32  4:51  Zergling x4  
  35  4:55  Zergling x2  
  35  4:57  Zergling x2  
  37  5:06  Baneling  
  37  5:07  Baneling x5  
  36  5:12  Zergling x2  
  26  5:23  Queen  
  27  5:28  Zergling x4  
  27  5:31  Zergling x2  
  27  5:33  Zergling x2  
  29  5:46  Queen  
  29  5:47  Drone  
  32  5:50  Drone  
  32  5:55  Drone  
  34  6:00  Drone x2  
  34  6:04  Baneling x3  
  34  6:09  Drone  
  35  6:13  Drone  
  35  6:17  Drone x2  
  38  6:19  Drone  
  38  6:20  Baneling x2  
  39  6:26  Drone  
  39  6:29  Drone  
  41  6:34  Drone  
  41  6:37  Drone x2  
  41  6:39  Overlord  
  44  6:46  Overlord x2  
  43  6:53  Zergling x2  
  43  6:56  Overlord  
  43  6:59  Baneling  
  43  7:00  Baneling x2  
  43  7:02  Zergling x6  
  43  7:03  Zergling x2  
  46  7:14  Baneling x2  
  46  7:17  Zergling x4, Extractor x2  
  46  7:18  Zergling x4, Extractor  
  47  7:28  Zergling x4  
  47  7:29  Lair  
  47  7:35  Drone  
  48  7:38  Drone  
  49  7:49  Baneling x2  
  49  7:51  Baneling x2  
  49  8:00  Drone x4  
  53  8:12  Zergling x8  
  54  8:17  Zergling x4  
  54  8:19  Zergling x2  
  50  8:20  Zergling x4  
  50  8:21  Zergling x2  
  50  8:27  Zergling x6  
  54  8:28  Evolution Chamber  
  54  8:34  Baneling  
  54  8:35  Baneling x7, Zergling x2  
  54  8:36  Zergling x2  
  56  8:44  Drone  
  56  8:45  Drone  
  56  8:51  Evolution Chamber  
  53  9:00  Zergling x6  
  53  9:01  Baneling  
  53  9:02  Baneling x5  
  56  9:03  Zergling x2  
  56  9:04  Queen  
  56  9:05  Spire  
  54  9:21  Zergling x2  
  54  9:23  Zergling x4  
  54  9:24  Queen, Zergling x2  
  52  9:28  Baneling x8  
  54  9:36  Evolution Chamber  
  53  9:51  Queen  
  50  10:04  Baneling x4  
  49  10:16  Evolution Chamber  
  49  10:17  Mutalisk x6  
  58  10:30  Zergling x4  
  57  10:43  Mutalisk x2  
  57  10:44  Zergling x4  
  57  10:45  Zergling x2  
  57  10:47  Mutalisk x2  
  61  10:51  Zergling x2  
  57  10:59  Evolution Chamber  
  57  11:04  Baneling x4  
  56  11:07  Drone x2  
  56  11:10  Drone  
  59  11:15  Drone x2  
  61  11:20  Baneling  
  61  11:21  Baneling  
  61  11:23  Drone  
  62  11:29  Drone x2  
  64  11:37  Zergling x6  
Tags
 
Add a new tag
Caveats
  • Supply blocks, unpowered buildings, or Contaminate may cause inaccurate times.
  • Supply counts are checked every 10 seconds.